 Dungeon Crawl Stone Soup version 0.19.0-2-gae57169 (webtiles) character file.

788 Chiseanne the Chopper (level 7, 0/64 HPs)
             Began as a Minotaur Berserker on Nov 3, 2016.
             Was a Believer of Trog.
             Slain by a sky beast (5 damage)
             ... on level 6 of the Dungeon.
             The game lasted 00:06:45 (1231 turns).

Chiseanne the Chopper (Minotaur Berserker)          Turns: 1231, Time: 00:06:45

Health: 0/64       AC:  1    Str: 21    XL:     7   Next: 56%
Magic:  6/6        EV: 14    Int:  4    God:    Trog [**....]
Gold:   105        SH:  0    Dex: 15    Spells: 0 memorised, 6 levels left

rFire  . . .     SeeInvis .     i - +1 war axe (vamp)
rCold  . . .     Gourm    .     d - +0 ring mail
rNeg   . . .     Faith    .     (no shield)
rPois  .         Spirit   .     (helmet restricted)
rElec  .         Reflect  .     e - +2 cloak
rCorr  .         Harm     .     (no gloves)
MR     ++...                    (no boots)
Stlth  +.........               (no amulet)
                                (no ring)
                                m - +3 ring of dexterity

@: corroded, regenerating
A: retaliatory headbutt, horns 2
a: Berserk, Trog's Hand, Burn Spellbooks, Renounce Religion


You were on level 6 of the Dungeon.
You worshipped Trog.
Trog was pleased with you.
You were not hungry.

You visited 1 branch of the dungeon, and saw 6 of its levels.

You collected 159 gold pieces.
You spent 54 gold pieces at shops.

Inventory:

Hand Weapons
 i - a +1 vampiric war axe (weapon)
Armour
 d - a +0 ring mail (worn)
 e - a +2 cloak (worn)
 j - a +0 leather armour of magic resistance
Jewellery
 m - a +3 ring of dexterity (left hand)
Wands
 f - a wand of lightning (7/15)
Scrolls
 a - a scroll of identify
Potions
 h - a potion of brilliance
 l - a potion of curing {unknown}
Comestibles
 b - 15 chunks of flesh
 c - a bread ration


   Skills:
 * Level 6.4 Fighting
 * Level 6.4 Axes
 * Level 5.1 Armour
 * Level 5.0 Dodging


You had 6 spell levels left.
You didn't know any spells.

Dungeon Overview and Level Annotations

Branches:
Dungeon (6/15)
 Temple: D:4-7

Altars:
Gozag
Kikubaaqudgha

Shops:
D:4 =


Innate Abilities, Weirdness & Mutations

You reflexively headbutt those who attack you in melee.
You have a pair of horns on your head.


Message History

You barely miss the bullfrog.
The orc wizard shouts!
Your headbutt misses the bullfrog. You barely miss the sky beast.
The bullfrog barely misses you. The sky beast closely misses you.
Some of the chunks of flesh in your inventory have rotted away.
You hit the bullfrog but do no damage. You hit the sky beast.
The bullfrog closely misses you.
The sky beast flickers out of sight!
Deactivating autopickup; reactivate with Ctrl-A.
Something hits you. Something shocks you. The bullfrog hits you!
* * * LOW HITPOINT WARNING * * *
You barely miss the bullfrog. Your headbutt misses the bullfrog.
You hit something but do no damage. You slash the crimson imp!
The bullfrog hits you!
* * * LOW HITPOINT WARNING * * *
A sky beast appears from thin air!
Reactivating autopickup.
The sky beast hits you.
* * * LOW HITPOINT WARNING * * *
The sky beast shocks you.
You die...

##+####.......
#.....#.......
#.....#....o...
#.....#.........
#....!#..........
###.....#..........
........#F.....?...
#$@5....[....
#$Y$.........
#$$$.........
###..........
########..........
#.................
#.#####...........
#.#####.#####...........
#...........#...........


You could see a sky beast, a bullfrog, an orc wizard and a crimson imp.

Vanquished Creatures
  Grinder (D:5)
  Duvessa (D:5)
  Dowan (D:5)
  A scorpion (D:4)
  A howler monkey (D:4)
  3 hounds
  3 jellies
  An orc wizard (D:5)
  2 worker ants
  Robin (D:2)
  3 adders
  A worm (D:3)
  10 orcs
  3 bats
  3 giant cockroaches
  2 hobgoblins
  9 jackals (D:2)
  A quokka (D:5)
  A ball python (D:2)
  3 frilled lizards
  14 goblins
  A kobold (D:3)
  2 rats
68 creatures vanquished.

Notes
Turn   | Place    | Note
-------+----------+-------------------------------------------
     0 | D:1      | Chiseanne the Minotaur Berserker began the quest for the Orb.
     0 | D:1      | Reached XP level 1. HP: 19/19 MP: 0/0
   125 | D:2      | Reached XP level 2. HP: 15/27 MP: 1/1
   211 | D:2      | Noticed Robin
   218 | D:2      | Reached XP level 3. HP: 33/33 MP: 2/2
   221 | D:2      | Reached ** piety under Trog
   223 | D:2      | Killed Robin
   373 | D:2      | Found an ancient bone altar of Kikubaaqudgha.
   552 | D:4      | Reached XP level 4. HP: 40/41 MP: 3/3
   632 | D:4      | Found Nuck's Jewellery Boutique.
   647 | D:4      | Reached skill level 5 in Axes
   647 | D:4      | Reached XP level 5. HP: 30/47 MP: 4/4
   650 | D:4      | Reached skill level 5 in Fighting
   837 | D:4      | Bought a cursed ring of loudness for 54 gold pieces
   880 | D:5      | Entered Level 5 of the Dungeon
   912 | D:5      | Reached XP level 6. HP: 47/56 MP: 5/5
  1023 | D:5      | Noticed Grinder
  1035 | D:5      | Noticed Duvessa
  1039 | D:5      | Noticed Dowan
  1045 | D:5      | Killed Duvessa
  1045 | D:5      | Reached XP level 7. HP: 62/62 MP: 6/6
  1046 | D:5      | Killed Grinder
  1046 | D:5      | Reached skill level 5 in Armour
  1049 | D:5      | Killed Dowan
  1049 | D:5      | Reached skill level 5 in Dodging
  1213 | D:6      | Found an opulent altar of Gozag.
  1231 | D:6      | Slain by a sky beast

Skill      XL: |  1  2  3  4  5  6  7 |
---------------+----------------------+-----
Axes           | 4 5 6 |  6.4
Fighting       | 4 5 6 |  6.4
Dodging        | 3 4 5 |  5.0
Armour         | 3 4 5 |  5.1

Action                   |  1- 3 |  4- 6 |  7- 9 || total
-------------------------+-------+-------+-------++-------
Melee: Hand axe          |    51 |    56 |     4 ||   111
       Headbutt          |     8 |    14 |     1 ||    23
       War axe           |       |       |    10 ||    10
Invok: Berserk           |     1 |     2 |       ||     3
       Trog's Hand       |       |     2 |     1 ||     3
  Use: Scroll            |     4 |     1 |       ||     5
       Potion            |       |     2 |       ||     2
 Stab: Sleeping          |       |     1 |       ||     1
  Eat: Chunk             |       |     3 |     1 ||     4
       Bread ration      |       |       |     1 ||     1
       Pizza             |       |       |     1 ||     1
       Beef jerky        |       |       |     1 ||     1
Armor: Animal skin       |     6 |       |       ||     6
       Leather armour    |    12 |    14 |       ||    26
       Ring mail         |       |    16 |     1 ||    17
Dodge: Dodged            |    43 |    35 |    13 ||    91
